 Dungeon Crawl Stone Soup version 0.20.1-1-g8b1a95d (webtiles) character file.

119635 Chaoticas the Warrior (level 16, -3/157 HPs)
             Began as a Minotaur Fighter on July 24, 2017.
             Was the Champion of Makhleb.
             Slain by an alligator (9 damage)
             ... on level 2 of the Swamp.
             The game lasted 01:52:51 (29161 turns).

Chaoticas the Warrior (Minotaur Fighter)           Turns: 29161, Time: 01:52:51

Health: -3/157     AC: 17    Str: 25    XL:     16   Next: 28%
Magic:  24/24      EV:  7    Int:  6    God:    Makhleb [******]
Gold:   2561       SH:  8    Dex: 12    Spells: 15/15 levels left

rFire    . . .     SeeInvis .   a - +2 scimitar (elec)
rCold    . . .     Gourm    +   c - +0 shield
rNeg     . . .     Faith    .   e - +0 swamp dragon scales
rPois    +         Spirit   .   o - +2 hat
rElec    .         Reflect  .   H - +0 cloak
rCorr    .         Harm     .   s - +0 pair of gloves
MR       ++...                  g - +0 pair of boots
Stlth    +.........             Q - amulet of the gourmand
Regen    0.4/turn               i - +5 ring of protection
MPRegen  0.2/turn               l - ring of protection from magic

@: extremely drained
A: retaliatory headbutt, horns 2
a: Minor Destruction, Lesser Servant of Makhleb, Major Destruction, Greater
Servant of Makhleb, Renounce Religion


You were on level 2 of the Swamp.
You worshipped Makhleb.
Makhleb was exalted by your worship.
You were very full.

You visited 5 branches of the dungeon, and saw 25 of its levels.
You also visited: Labyrinth, Ice Cave and Volcano.

You collected 2851 gold pieces.
You spent 290 gold pieces at shops.

Inventory:

Hand Weapons
 a - a +2 scimitar of electrocution (weapon)
   (You found it on level 10 of the Dungeon)
 r - a +0 scimitar of flaming
   (You took it off Azrael on level 12 of the Dungeon)
 V - a +6 hand crossbow of flaming
   (You found it in a labyrinth)
Missiles
 k - 17 javelins (quivered)
 X - 148 bolts
Armour
 c - a +0 shield (worn)
 e - +0 swamp dragon scales (worn)
   (You found it on level 3 of the Lair of Beasts)
 g - a +0 pair of boots (worn)
   (You found it on level 1 of the Swamp)
 o - a +2 hat (worn)
   (You found it on level 2 of the Lair of Beasts)
 s - a +0 pair of gloves (worn)
   (You found it on level 2 of the Dungeon)
 E - a +1 plate armour
   (You found it on level 3 of the Dungeon)
 H - a +0 cloak (worn)
   (You found it on level 8 of the Dungeon)
Jewellery
 i - a +5 ring of protection (left hand)
   (You found it on level 1 of the Dungeon)
 l - a ring of protection from magic (right hand)
   (You found it on level 12 of the Dungeon)
 Q - an amulet of the gourmand (around neck)
   (You found it on level 3 of the Dungeon)
Wands
 d - a wand of iceblast (6/15)
   (You took it off a vampire on level 9 of the Dungeon)
 v - a wand of digging (14/24)
   (You found it on level 8 of the Dungeon)
 x - a wand of acid (1/15)
   (You took it off Maurice on level 10 of the Dungeon)
 Y - a wand of paralysis (11/24)
   (You found it on level 1 of the Lair of Beasts)
Scrolls
 f - a scroll of recharging
 n - 8 scrolls of remove curse {@r2}
 p - a scroll of brand weapon {unknown}
 y - 11 scrolls of identify {@r1}
 A - 3 scrolls of immolation {!r}
 B - 8 scrolls of blinking
 J - 4 scrolls of fear
 R - 8 scrolls of teleportation {@r4}
 S - a scroll of magic mapping
Potions
 b - 5 potions of haste {@q3}
 j - 8 potions of curing {@q1}
 w - 6 potions of lignification {!q}
 z - a potion of agility
 C - 3 potions of might
 F - a potion of resistance
 I - 6 potions of mutation {!q}
 L - 2 potions of brilliance
 Z - a potion of heal wounds {@q2}
Books
 h - a Young Poisoner's Handbook
   (You found it on level 1 of the Swamp)
Miscellaneous
 u - a sack of spiders
 N - a phial of floods
   (You found it on level 3 of the Lair of Beasts)
 O - a lamp of fire
   (You found it on level 6 of the Lair of Beasts)
Comestibles
 m - 23 royal jellies
 q - 13 bread rations
 K - 12 fruits
 U - 5 meat rations


   Skills:
 * Level 17.7(0.0) Fighting
 - Level 14.0(0.0) Long Blades
 + Level 13.3(0.0) Armour
 + Level 11.6(0.0) Dodging
 + Level 13.2(0.0) Shields
 + Level 12.7(0.0) Invocations


You had 15 spell levels left.
You didn't know any spells.

Dungeon Overview and Level Annotations

Branches:
Dungeon (14/15)            Temple (1/1) D:7            Lair (6/6) D:9
  Swamp (2/4) Lair:3        Snake (0/4) Lair:4        Slime (0/5) Lair:5
    Orc (2/2) D:11            Elf (0/3) Orc:2        Vaults (0/5) D:13

Altars:
Ashenzari
Cheibriados
Dithmenos
Elyvilon
Fedhas
Gozag
Hepliaklqana
Kikubaaqudgha
Makhleb
Nemelex Xobeh
Okawaru
Qazlal
Ru
Sif Muna
Trog
Uskayaw
Vehumet
Xom
Yredelemnul
Zin
The Shining One
Jiyva

Shops:
D:4 }   D:6 !   D:7 :   D:8 }([   D:12 (   Orc:2 *([(

Annotations:
Lair:6 exclusion: oklob plant
Swamp:2 raszama's ghost, journeyman DsGl


Innate Abilities, Weirdness & Mutations

You reflexively headbutt those who attack you in melee.
You have a pair of horns on your head.


Message History

The alligator bites you!
* * * LOW HITPOINT WARNING * * *
The alligator tail-slaps you but does no damage.
You block the alligator's attack.
The alligator tail-slaps you but does no damage.
The alligator bites you.
* * * LOW HITPOINT WARNING * * *
You block the alligator's attack.
You barely miss the alligator. You headbutt the alligator!
The alligator bites you!
* * * LOW HITPOINT WARNING * * *
The alligator tail-slaps you but does no damage.
You block the alligator's attack. x2
Your swamp dragon scales prevents you from hitting the alligator.
You block the alligator's attack. The alligator tail-slaps you.
* * * LOW HITPOINT WARNING * * *
The alligator barely misses you. You furiously retaliate!
You headbutt the alligator.
The alligator tail-slaps you but does no damage.
Unknown command.
You hit the alligator.
Lightning courses through the alligator!
You block the alligator's attack. The alligator tail-slaps you!
* * * LOW HITPOINT WARNING * * *
The alligator bites you but does no damage.
The alligator barely misses you.
You slash the alligator! Your headbutt misses the alligator.
The alligator bites you.
* * * LOW HITPOINT WARNING * * *
The alligator tail-slaps you but does no damage.
The alligator bites you but does no damage.
The alligator tail-slaps you but does no damage.
You hit the alligator but do no damage. The alligator bites you!!
* * * LOW HITPOINT WARNING * * *
You block the alligator's attack.
You closely miss the alligator. The alligator closely misses you.
The alligator tail-slaps you but does no damage.
You block the alligator's attack. x2
Unknown command.
You hit the alligator. You headbutt the alligator.
The alligator barely misses you.
The alligator tail-slaps you but does no damage.
The alligator bites you!
* * * LOW HITPOINT WARNING * * *
The alligator tail-slaps you.
* * * LOW HITPOINT WARNING * * *
You closely miss the alligator. The alligator bites you!
* * * LOW HITPOINT WARNING * * *
The alligator barely misses you. The alligator bites you!
You die...

♣♣♣♣ ♣♣♣♣♣ ......♣
.≈.♣♣ ..♣♣≈♣.♣♣...♣♣♣♣
...≈.........≈≈♣♣♣
..≈≈..........≈..♣
.....###.#.##..≈..
..≈..'..#t..#.....
.♣♣..#..@.....)♣ ≈..♣
♣. #..#####..♣ ....♣
♣..#...#..#..♣ .≈...♣
♣..#......# .♣ ♣...≈.
♣..#÷..#..# ♣ ♣.≈≈.
♣..####.###..♣ ♣..≈.♣♣
♣≈ ≈. ♣...........♣
♣....♣
♣...≈.♣.♣♣♣.≈........♣♣
♣.≈...
♣.♣≈≈.♣..♣..♣≈.≈≈≈.≈♣♣
♣.≈...


You could see an alligator.

Vanquished Creatures
  Rupert (D:12)
  Kirke (D:14)
  A frost giant (IceCv)
  An orc warlord (Orc:1)
  Azrael (D:12)
  The ghost of antares the Impaler, a journeyman MfGl of Elyvilon (Orc:2)
  Snorg (D:10)
  A minotaur (Lab)
  Josephine (D:10)
  Fannar (Orc:1)
  A fire dragon (Lair:4)
  4 centaur warriors
  7 hydras
  The ghost of Paprika the Severer, a novice MiFi of Okawaru (Lair:1)
  An ogre mage (D:13)
  12 two-headed ogres
  An alligator (Swamp:1)
  2 tengu warriors (D:14)
  3 orc high priests (Orc:2)
  A hell hog (Volcano)
  Urug (Lair:2)
  Nergalle (D:11)
  A fire crab (Volcano)
  2 unseen horrors
  2 swamp dragons
  4 orc knights
  2 shambling mangroves (Swamp:1)
  The ghost of quinnr the Cleaver, a novice MiFi of Okawaru (D:7)
  A cyclops (D:14)
  An ugly thing (D:11)
  5 orc sorcerers
  15 elephants
  A deep elf mage (D:14)
  An ice statue (IceCv)
  Maurice (D:10)
  2 gargoyles (D:13)
  4 black mambas
  2 torpor snails
  14 spiny frogs
  A redback zombie (D:14)
  11 komodo dragons
  4 centaur skeletons
  15 rime drakes
  A freezing wraith (D:14)
  3 tyrant leeches (Swamp:1)
  22 polar bears
  8 trolls
  Grinder (D:6)
  17 blink frogs
  11 hornets
  19 slime creatures
  6 hippogriffs
  A bog body (Swamp:1)
  Prince Ribbit (D:7)
  A meliai zombie (D:14)
  15 dream sheep
  Sigmund (D:3)
  4 wraiths (D:10)
  A vampire (D:9)
  16 spriggans
  6 fire bats (Volcano)
  3 wyverns
  46 yaks
  3 fire elementals (D:12)
  Grum (D:10)
  2 basilisks
  2 hungry ghosts
  3 hogs (D:14)
  13 steam dragons
  4 wargs
  16 vampire mosquitoes
  4 swamp worms
  A hell hound (D:12)
  A soldier ant (D:12)
  27 water moccasins
  7 porcupines
  29 orc warriors
  2 swamp drakes
  A sky beast (D:5)
  A black bear (Lair:6)
  3 necrophages
  A phantom (D:14)
  3 boggarts (Lair:6)
  2 eyes of draining
  15 ogres
  34 wolves
  6 centaurs
  17 crocodiles
  A big kobold (D:7)
  14 bullfrogs
  A wyvern zombie (D:14)
  2 wyvern skeletons
  7 scorpions
  22 killer bees
  9 wights
  4 electric eels
  3 howler monkeys
  9 crimson imps
  A centaur zombie (D:5)
  7 hounds
  5 lava snakes (Volcano)
  2 bullfrog skeletons
  5 jellies
  22 orc priests
  A gnoll shaman (D:5)
  Jessica (D:3)
  2 iguanas
  32 orc wizards
  11 worker ants
  A killer bee zombie (D:9)
  2 hound skeletons
  A howler monkey zombie (D:4)
  5 gnolls (D:5)
  A howler monkey skeleton (D:10)
  23 adders
  2 shadow imps
  12 white imps (Lair:3)
  5 oozes (D:9)
  An adder skeleton (D:4)
  A worm (D:2)
  A dart slug (D:1)
  6 leopard geckos
  86 orcs
  5 giant cockroaches
  9 goblins
  8 hobgoblins
  2 jackals (D:9)
  14 kobolds
  3 ball pythons
  7 bats
  9 frilled lizards
  2 jackal zombies
  A leopard gecko zombie (D:5)
  2 quokka skeletons (D:6)
  5 rats
891 creatures vanquished.

Vanquished Creatures (others)
  A rime drake (Lair:4)
  2 humans (D:14)
  An orc wizard (Orc:2)
  An orc (D:14)
  18 fungi
  8 plants
31 creatures vanquished.

Grand Total: 922 creatures vanquished

Notes
Turn   | Place    | Note
-------+----------+-------------------------------------------
     0 | D:1      | Chaoticas the Minotaur Fighter began the quest for the Orb.
     0 | D:1      | Reached XP level 1. HP: 19/19 MP: 0/0
   155 | D:1      | Reached XP level 2. HP: 26/26 MP: 1/1
   585 | D:2      | Reached XP level 3. HP: 28/31 MP: 2/2
  1170 | D:2      | Reached skill level 5 in Long Blades
  1313 | D:3      | Noticed Sigmund
  1313 | D:3      | Reached XP level 4. HP: 39/39 MP: 3/3
  1343 | D:3      | Killed Sigmund
  1343 | D:3      | Reached XP level 5. HP: 17/45 MP: 4/4
  1610 | D:3      | Noticed Jessica
  1615 | D:3      | Killed Jessica
  1615 | D:3      | Reached XP level 6. HP: 51/51 MP: 5/5
  2576 | D:3      | Reached XP level 7. HP: 12/57 MP: 6/6
  2997 | D:4      | Found a bloodstained altar of Trog.
  3072 | D:4      | Found a deep blue altar of Sif Muna.
  3216 | D:4      | Found Saaxidof's Gadget Shoppe.
  3231 | D:4      | Reached skill level 10 in Long Blades
  3565 | D:5      | Entered Level 5 of the Dungeon
  3629 | D:5      | Found a shimmering altar of Xom.
  3657 | D:5      | Paralysed by a crimson imp for 2 turns
  3670 | D:5      | Reached XP level 8. HP: 50/64 MP: 7/7
  3802 | D:5      | Found an iron altar of Okawaru.
  4071 | D:5      | Found a blossoming altar of Fedhas.
  4071 | D:5      | Found a snail-covered altar of Cheibriados.
  4160 | D:5      | Found a basalt altar of Yredelemnul.
  4162 | D:5      | Found an opulent altar of Gozag.
  4451 | D:6      | Found a burning altar of Makhleb.
  4454 | D:6      | Became a worshipper of Makhleb the Destroyer
  4498 | D:6      | Found Butol's Distillery.
  4595 | D:6      | Reached skill level 1 in Invocations
  4658 | D:6      | Reached skill level 4 in Fighting
  4920 | D:6      | Noticed Grinder
  4930 | D:6      | Killed Grinder
  5227 | D:7      | Found a staircase to the Ecumenical Temple.
  5232 | Temple   | Entered the Ecumenical Temple
  5576 | D:7      | Found a stormy altar of Qazlal.
  5610 | D:7      | Reached XP level 9. HP: 68/72 MP: 10/10
  5725 | D:7      | Found Kocwofaw's Book Emporium.
  5752 | D:7      | Noticed Prince Ribbit
  5937 | D:7      | Reached skill level 5 in Fighting
  6001 | D:7      | Reached * piety under Makhleb
  6112 | D:7      | Killed Prince Ribbit
  6648 | D:7      | Noticed quinnr's ghost (novice MiFi)
  6679 | D:7      | Killed quinnr's ghost
  6679 | D:7      | Reached skill level 6 in Fighting
  6679 | D:7      | Reached skill level 5 in Invocations
  7010 | D:8      | Noticed a two-headed ogre
  7022 | D:8      | Killed a two-headed ogre
  7022 | D:8      | Reached XP level 10. HP: 28/84 MP: 13/13
  7274 | D:8      | Noticed a two-headed ogre
  7289 | D:8      | Killed a two-headed ogre
  7289 | D:8      | Reached skill level 1 in Dodging
  7536 | D:8      | Found Risygyma's Antique Weapon Boutique.
  7544 | D:8      | Reached skill level 7 in Fighting
  7563 | D:8      | Found Wuss's Gadget Emporium.
  7933 | D:8      | Noticed a two-headed ogre
  8033 | D:8      | Found Tecal's Armour Shop.
  8235 | D:8      | Killed a two-headed ogre
  8235 | D:8      | Reached skill level 5 in Armour
  8235 | D:8      | Reached skill level 5 in Shields
  8491 | D:8      | Reached ** piety under Makhleb
  8837 | D:9      | Found a white marble altar of Elyvilon.
  8856 | D:9      | Noticed a two-headed ogre
  8860 | D:9      | Reached skill level 8 in Fighting
  8869 | D:9      | Killed a two-headed ogre
  8918 | D:9      | Reached XP level 11. HP: 95/95 MP: 15/15
  8938 | D:9      | Noticed a two-headed ogre
  8940 | D:9      | Found a staircase to the Lair.
  8956 | D:9      | Killed a two-headed ogre
  9193 | D:9      | Found a shattered altar of Ashenzari.
  9306 | D:9      | Reached *** piety under Makhleb
  9320 | D:9      | Reached skill level 9 in Fighting
  9342 | D:9      | Noticed a two-headed ogre
  9349 | D:9      | Killed a two-headed ogre
  9492 | D:9      | Paralysed by an orc for 6 turns
  9498 | D:9      | HP: 2/97 [hound (4)]
  9505 | D:9      | HP: 4/97 [something (6)]
 10318 | D:9      | Found a burning altar of Makhleb.
 10320 | D:9      | Noticed a green death
 10334 | Lair:1   | Entered Level 1 of the Lair of Beasts
 10445 | Lair:1   | Found a labyrinth entrance.
 10457 | Lair:1   | Reached skill level 5 in Dodging
 10490 | Lair:1   | Reached skill level 10 in Fighting
 10516 | Lab      | Entered a labyrinth
 10853 | Lab      | Noticed a minotaur
 10861 | Lab      | Killed a minotaur
 10863 | Lab      | Got a transparent leather armour
 10969 | Lair:1   | Noticed Paprika's ghost (novice MiFi)
 10998 | Lair:1   | Killed Paprika's ghost
 12193 | Lair:1   | Reached XP level 12. HP: 107/108 MP: 17/17
 12254 | Lair:1   | Reached **** piety under Makhleb
 12554 | Lair:2   | Noticed Urug
 12582 | Lair:2   | Killed Urug
 12859 | Lair:2   | Reached skill level 11 in Fighting
 13076 | Lair:2   | Found a dark tunnel.
 13081 | Volcano  | Entered a volcano
 13600 | Volcano  | Found a radiant altar of Vehumet.
 13613 | Volcano  | Noticed a hell hog
 13626 | Volcano  | Killed a hell hog
 14458 | Lair:3   | Found a staircase to the Swamp.
 14632 | Lair:3   | Found a runed door.
 14634 | Lair:3   | Noticed an eight-headed hydra
 14645 | Lair:3   | Killed an eight-headed hydra
 14645 | Lair:3   | Reached skill level 12 in Fighting
 15011 | Lair:3   | Found a frozen archway.
 15020 | IceCv    | Entered an ice cave
 15295 | IceCv    | Reached XP level 13. HP: 119/119 MP: 19/19
 15303 | IceCv    | Reached skill level 10 in Invocations
 15317 | IceCv    | Reached ***** piety under Makhleb
 15409 | IceCv    | Noticed a frost giant
 15430 | IceCv    | Killed a frost giant
 15623 | IceCv    | Got a faintly glowing great sword
 15631 | IceCv    | Identified the +6 great sword of Excruciating Pain {drain, rN+++ MP+9 Int-3 Dex+3} (You found it in an ice cave)
 16205 | Lair:3   | Reached skill level 13 in Fighting
 16223 | Lair:3   | Reached skill level 10 in Armour
 17036 | Lair:4   | Reached skill level 10 in Shields
 17554 | Lair:4   | Noticed a fire dragon
 17568 | Lair:4   | Killed a fire dragon
 17574 | Lair:4   | Reached skill level 14 in Fighting
 17903 | Lair:4   | Found a staircase to the Snake Pit.
 18285 | Lair:5   | Got an ancient flail
 18298 | Lair:5   | Identified the +9 flail "Impbane" {protect, *Rage rPois Str+5 Stlth+} (You found it on level 5 of the Lair of Beasts)
 18344 | Lair:5   | Found a staircase to the Slime Pits.
 18344 | Lair:5   | Found a viscous altar of Jiyva.
 18670 | Lair:5   | Reached XP level 14. HP: 132/132 MP: 21/21
 18863 | Lair:5   | Reached ****** piety under Makhleb
 18958 | Lair:6   | Entered Level 6 of the Lair of Beasts
 19458 | Lair:6   | Paralysed by a hornet for 3 turns
 19465 | Lair:6   | HP: 6/133 [wolf (2)]
 19872 | Lair:6   | Reached skill level 15 in Fighting
 20108 | Lair:6   | Got a warped flail
 20616 | Lair:6   | Identified the +2 flail "Dippeni" {freeze, rPois} (You found it on level 6 of the Lair of Beasts)
 20918 | D:10     | Entered Level 10 of the Dungeon
 21073 | D:10     | Noticed Josephine
 21090 | D:10     | Killed Josephine
 21090 | D:10     | Reached skill level 10 in Dodging
 21320 | D:10     | Noticed Grum
 21328 | D:10     | Killed Grum
 21342 | D:10     | Noticed Snorg
 21358 | D:10     | Killed Snorg
 21408 | D:10     | Noticed Maurice
 21440 | D:10     | Killed Maurice
 21955 | D:11     | Reached XP level 15. HP: 143/143 MP: 22/22
 21959 | D:11     | Found a staircase to the Orcish Mines.
 22402 | D:11     | Noticed Nergalle
 22412 | D:11     | Killed Nergalle
 22412 | D:11     | Reached skill level 16 in Fighting
 22630 | Orc:1    | Entered Level 1 of the Orcish Mines
 22714 | Orc:2    | Entered Level 2 of the Orcish Mines
 22798 | Orc:2    | Noticed antares's ghost (journeyman MfGl)
 22823 | Orc:2    | Killed antares's ghost
 23017 | Orc:2    | Found a staircase to the Elven Halls.
 23543 | Orc:2    | Found Aratunef's Weapon Boutique.
 23543 | Orc:2    | Found Bimuniu's Assorted Antiques.
 23545 | Orc:2    | Found Piejaguth's Armour Boutique.
 23545 | Orc:2    | Found Qawami's Antique Weapon Shoppe.
 23556 | Orc:2    | Bought a wooden ring for 145 gold pieces
 23556 | Orc:2    | Bought a bone ring for 145 gold pieces
 24096 | Orc:1    | Noticed Fannar
 24113 | Orc:1    | Killed Fannar
 24125 | Orc:1    | Noticed an orc warlord
 24167 | Orc:1    | Killed an orc warlord
 24247 | Orc:1    | Found a shimmering altar of Xom.
 24633 | D:12     | Noticed Azrael
 24649 | D:12     | Killed Azrael
 24861 | D:12     | Found Rief's Weapon Boutique.
 25017 | D:12     | Noticed Rupert
 25037 | D:12     | Killed Rupert
 25558 | D:13     | Reached skill level 17 in Fighting
 26342 | D:13     | Found a gate to the Vaults.
 26628 | D:14     | Noticed Kirke
 26646 | D:14     | Killed Kirke
 26660 | D:14     | Found a white marble altar of Elyvilon.
 26899 | D:14     | Reached XP level 16. HP: 155/155 MP: 24/24
 27677 | Swamp:1  | Entered Level 1 of the Swamp
 28100 | Swamp:2  | Noticed raszama's ghost (journeyman DsGl)
 29161 | Swamp:2  | HP: 6/157 [alligator (11)]
 29161 | Swamp:2  | Slain by an alligator

Skill      XL: |  1  2  3  4  5  6  7  8  9 10 11 12 13 14 15 16 |
---------------+-------------------------------------------------+-----
Long Blades    | 3 4 5 7 9 11 12 14 | 14.0
Invocations    | 3 6 7 9 10 11 12 | 12.7
Fighting       | 4 6 8 10 12 14 15 17 | 17.7
Armour         | 5 7 9 10 12 13 | 13.3
Dodging        | 3 5 7 8 10 11 | 11.6
Shields        | 5 7 9 10 11 12 13 | 13.2

Action                   |  1- 3 |  4- 6 |  7- 9 | 10-12 | 13-15 | 16-18 || total
-------------------------+-------+-------+-------+-------+-------+-------++-------
Melee: Long sword        |   102 |   119 |   408 |       |       |       ||   629
       Headbutt          |     9 |    16 |    68 |   173 |   442 |    61 ||   769
       Scimitar          |       |       |    15 |   806 |  1806 |   345 ||  2972
       Flail             |       |       |       |       |    20 |       ||    20
 Fire: Hand crossbow     |       |       |       |     7 |     2 |       ||     9
Invok: Lesser Servant of |       |       |       |     2 |     4 |       ||     6
       Minor Destruction |       |       |       |       |     1 |       ||     1
Evoke: Wand              |       |       |       |       |     1 |       ||     1
  Use: Potion            |       |     1 |     1 |     6 |     6 |       ||    14
       Scroll            |       |     4 |     6 |    14 |     2 |       ||    26
 Stab: Distracted        |       |       |       |       |     1 |       ||     1
  Eat: Chunk             |     1 |     4 |    35 |    27 |    44 |     6 ||   117
Armor: Scale mail        |    57 |    33 |       |       |       |       ||    90
       Plate armour      |       |     9 |   227 |   510 |   853 |    50 ||  1649
       Chain mail        |       |       |       |    12 |    69 |       ||    81
       Swamp dragon scal |       |       |       |       |       |   139 ||   139
Dodge: Dodged            |    30 |    17 |    41 |   221 |   560 |   116 ||   985
Block: Shield            |    43 |    54 |   159 |   434 |   995 |   188 ||  1873
       Rpst.: Long sword |    12 |     3 |    11 |       |       |       ||    26
       Scimitar          |       |       |       |    46 |   126 |    36 ||   208
